 Dungeon Crawl Stone Soup version 0.31-a0-1036-g31867e143a (webtiles) character file.

Game seed: 377680094296204075

496 benitares the Arsonist (level 6, -4/32 HPs)
             Began as a Deep Elf Fire Elementalist on Nov 19, 2023.
             Slain by a gnoll
             ... wielding a +0 spear
             ... led by a gnoll sergeant
              (5 damage)
             ... on level 4 of the Dungeon.
             The game lasted 00:07:02 (5018 turns).

benitares the Arsonist (Deep Elf Fire Elementalist) Turns: 5018, Time: 00:07:02

Health: -4/32      AC:  2    Str:  4    XL:     6   Next: 93%
Magic:  12/12      EV: 13    Int: 21    God:
Gold:   173        SH:  0    Dex: 19    Spells: 5/11 levels left

rFire   . . .        (no weapon)
rCold   . . .        (no shield)
rNeg    . . .        a - +0 robe
rPois   +            (no helmet)
rElec   .            (no cloak)
rCorr   .            (no gloves)
SInv    .            (no boots)
Will    .....        (no amulet)
Stlth   +            (no ring)
HPRegen 0.25/turn    (no ring)
MPRegen 0.13/turn

%: clarity
@: silenced, weak-willed, enlightened, flying, hasted, very quick
A: agile 1, clarity, poison resistance
a: no special abilities


You were on level 4 of the Dungeon.
You visited 2 branches of the dungeon, and saw 6 of its levels.

You collected 173 gold pieces.

Inventory:

Armour
 a - a +0 robe (worn)
 k - a +0 pair of gloves
Jewellery
 q - a ring of see invisible
Wands
 l - a wand of flame (25)
Scrolls
 c - 6 scrolls of identify {unknown}
 i - 2 scrolls of teleportation {unknown}
 p - 2 scrolls of blinking {unknown}


   Skills:
 - Level 2.4 Dodging
 - Level 2.4 Stealth
 - Level 3.0 Spellcasting
 + Level 1.1 Conjurations
 + Level 8.7 Fire Magic


You had 5 spell levels left.
You knew the following spells:

 Your Spells              Type           Power      Damage    Failure   Level
a - Foxfire               Conj/Fire      92%        2x1d8     1%          1
b - Fireball              Conj/Fire      11%        3d7       43%         5

Your spell library contained the following spells:

 Spells                   Type           Power      Damage    Failure   Level
 Scorch                   Fire           78%        2d8       1%          2
 Inner Flame              Hex/Fire       21%        N/A       7%          3
 Volatile Blastmotes      Fire/Tloc      42%        2d13      7%          3
 Flame Wave               Conj/Fire      23%        2d8       17%         4
 Cause Fear               Hex            1%         N/A       78%         4
 Dragon's Call            Summ           1%         N/A       100%        9


Dungeon Overview and Level Annotations

Branches:
Dungeon (5/15)             Temple (1/1) D:4

Altars:
Dithmenos
Gozag
Hepliaklqana
Kikubaaqudgha
Makhleb
Okawaru
Uskayaw
Xom
Yredelemnul
Zin

Shops:
D:2 =


Innate Abilities, Weirdness & Mutations

You are agile. (Dex +4, Str/Int -1)
You possess an exceptional clarity of mind.
Your system is resistant to poisons. (rPois)


Message History

The gnoll closely misses you. x2
As you read the scroll labelled YCSOZ GAEJILE, it crumbles to dust.
Magic quickly surges around you.
It was a scroll of vulnerability.
The gnoll barely misses you. The gnoll completely misses you.
As you read the scroll labelled ITEUNK HEFRIF, it crumbles to dust.
It is a scroll of enchant weapon.
You aren't carrying any weapons that can be enchanted.
The gnoll hits you with a +0 spear. x2
Nothing appears to happen.
As you read the scroll labelled ESEB QAIGROB, it crumbles to dust.
It was a scroll of poison.
The gnoll barely misses you. The gnoll hits you with a +0 spear!
As you read the scroll labelled BUEFID OFOD, it crumbles to dust.
The creatures around you are filled with an inner flame!
It was a scroll of immolation.
The gnoll closely misses you. The gnoll misses you.
As you read the scroll labelled SEH FEWUNAHI, it crumbles to dust.
Wisps of shadow whirl around you...
It was a scroll of summoning.
The gnoll hits you with a +0 spear. x2
* * * LOW HITPOINT WARNING * * *
As you read the scroll labelled TUUTSU TOCYDWA, it crumbles to dust.
You hear a loud clanging noise!
It was a scroll of noise.
The gnoll closely misses you. The gnoll hits you with a +0 spear.
* * * LOW HITPOINT WARNING * * *
It was a potion of haste.
You feel yourself speed up.
Your dart slug bites the gnoll.
Flame seeps out of the gnoll.
Your dart slug bites the gnoll.
Flame seeps out of the gnoll.
The gnoll closely misses you. The gnoll misses you.
It was a potion of enlightenment.
You feel very buoyant.
You fly up into the air.
Unknown command.
You aren't carrying any potions.
Unknown command.
Unknown command.
As you read the scroll labelled PAIVID PUERGHAQ, it crumbles to dust.
A profound silence engulfs you.
It was a scroll of silence.
The gnoll hits you with a +0 spear.
You die...

..............# #.#
.####.#####...# #.#
.# #...####...# #.#
####._........# #.#
†.##...#####..# #.#
..............# #.#
....#.........# #.#
....#.#####.#.####w#
....#.## #...§g@gw#
....#..# #...######
..#.#..# #...#
##..#..####...#
##...........#
##.#...######.#
#.............#
.........######
###.....##


You could see 2 gnolls and 2 friendly dart slugs.

Vanquished Creatures
  Sigmund (D:3)
  2 hounds (D:4)
  2 iguanas (D:4)
  An orc wizard (D:3)
  5 gnolls
  7 adders
  2 worms
  5 dart slugs
  6 orcs (D:3)
  5 ball pythons
  10 bats
  3 endoplasms
  3 giant cockroaches
  5 goblins
  5 hobgoblins
  2 jackals (D:2)
  2 quokkas
  5 frilled lizards
  2 kobolds
  7 rats (D:1)
80 creatures vanquished.

Vanquished Creatures (others)
  470 foxfires
470 creatures vanquished.

Grand Total: 550 creatures vanquished

Notes
Turn   | Place    | Note
-------+----------+-------------------------------------------
     0 | D:1      | benitares the Deep Elf Fire Elementalist began the quest
                  | for the Orb.
     0 | D:1      | Reached XP level 1. HP: 10/10 MP: 6/6
   379 | D:1      | Reached XP level 2. HP: 15/15 MP: 5/8
   429 | D:1      | Reached skill level 4 in Fire Magic
   578 | D:1      | Reached XP level 3. HP: 19/19 MP: 4/9
  1295 | D:1      | Found a faded altar of an unknown god.
  1464 | D:2      | Reached skill level 5 in Fire Magic
  1793 | D:2      | Reached XP level 4. HP: 24/24 MP: 3/10
  1996 | D:2      | Found a shadowy altar of Dithmenos.
  2336 | D:2      | Found Iputo's Jewellery Shop.
  2640 | D:3      | Reached skill level 6 in Fire Magic
  2847 | D:3      | Reached XP level 5. HP: 28/28 MP: 7/11
  2976 | D:3      | Noticed Sigmund
  3152 | D:3      | Killed Sigmund
  3153 | D:3      | Reached skill level 7 in Fire Magic
  3153 | D:3      | Reached XP level 6. HP: 30/32 MP: 3/12
  3973 | D:4      | Identified the +1 robe "Ythao" {rN+}
  4131 | D:4      | Reached skill level 8 in Fire Magic
  4163 | D:4      | Found an opulent altar of Gozag.
  4295 | D:4      | Found a staircase to the Ecumenical Temple.
  4341 | Temple   | Entered the Ecumenical Temple
  4402 | D:4      | Gained mutation: Your system is resistant to poisons.
                  | (rPois) [potion of mutation]
  4402 | D:4      | Gained mutation: You possess an exceptional clarity of
                  | mind. [potion of mutation]
  4402 | D:4      | Gained mutation: You are agile. (Dex +4, Str/Int -1)
                  | [potion of mutation]
  4990 | D:4      | Learned a level 5 spell: Fireball
  5005 | D:5      | Entered Level 5 of the Dungeon
  5005 | D:5      | Noticed a yak
  5006 | D:5      | Noticed a yak
  5006 | D:5      | Noticed a yak
  5015 | D:4      | HP: 1/32 [gnoll/+0 spear[a gnoll sergeant] (3)]
  5018 | D:4      | Slain by a gnoll

Illustrated notes

Levels and vault maps discovered:
D:1:      onia_arrival_handbag, layout_basic, chequers_ecumenical_altar_grove,
          minmay_pentomino_v4
D:2:      layout_rooms, basic_altar, serial_shops, nicolae_shop_crystal,
          chequers_jeans, chequers_mini_garden
D:3:      layout_basic, serial_park_tiny_pond, uniq_sigmund
D:4:      layout_loops_ring, nicolae_gozag_seed_capital,
          minmay_temple_entry_trees
D:5:      layout_basic
Temple:   nicolae_temple_bog_church

Skill      XL: |  1  2  3  4  5  6 |
---------------+-------------------+-----
Fire Magic     | 4 5 6 7 8 |  8.7
Dodging        | |  2.4
Stealth        | |  2.4
Spellcasting   | |  3.0
Conjurations   | |  1.1

Action                     |  1- 3 |  4- 6 || total
---------------------------+-------+-------++-------
  Melee: Unarmed           |     6 |    23 ||    29
   Cast: Foxfire           |   122 |   161 ||   283
    Use: Potion            |     1 |     7 ||     8
         Scroll            |       |     9 ||     9
 Armour: Robe              |    12 |    35 ||    47
  Dodge: Dodged            |    12 |    48 ||    60

Table legend: (Time is in decaauts)
 A = Elapsed time spent in this place.
 B = Non-inter-level travel time spent in this place.
 C = Inter-level travel time spent in this place.
 D = Time resting spent in this place.
 E = Time spent auto-exploring this place.
 F = Levels seen in this place.
 G = Mean time per level.
                   A        B        C        D        E       F      G
               +--------+--------+--------+--------+--------+-----+--------+
         Total |   5017 |   4903 |    114 |      0 |   4304 |   6 |  836.2 |
       Dungeon |   5015 |   4902 |    113 |      0 |   4304 |   5 | 1003.0 |
        Temple |      1 |      0 |      1 |      0 |      0 |   1 |    1.0 |
               +--------+--------+--------+--------+--------+-----+--------+

Top non-repeatable levels by time:
     D:3: 1483 daAuts
     D:1: 1395 daAuts
     D:2: 1072 daAuts
     D:4: 1062 daAuts
  Temple: 1 daAuts
     D:5: 1 daAuts
